 Dungeon Crawl Stone Soup version 0.24.0-125-gc4c63601f3 (webtiles) character file.

Game seed: 9830807142365929782, levelgen mode: deterministic

2801 Doot the Covert (level 9, -2/41 HPs)
             Began as a Spriggan Enchanter on Mar 17, 2020.
             Was a Believer of Nemelex Xobeh.
             Slain by a two-headed ogre (9 damage)
             ... on level 9 of the Dungeon.
             The game lasted 00:19:26 (9133 turns).

Doot the Covert (Spriggan Enchanter)                Turns: 9133, Time: 00:19:26

Health: -2/41      AC:  2    Str:  4    XL:     9   Next: 44%
Magic:  0/21       EV: 22    Int: 18    God:    Nemelex Xobeh [**....]
Gold:   297        SH:  0    Dex: 18    Spells: 7/22 levels left

rFire    . . .     SeeInvis +   a - +1 dagger
rCold    . . .     Gourm    .   (shield restricted)
rNeg     . . .     Faith    .   b - +0 robe
rPois    .         Spirit   .   (helmet restricted)
rElec    .         Reflect  .   (no cloak)
rCorr    .         Harm     .   (gloves unavailable)
MR       +....                  (boots unavailable)
Stlth    +++++.....             (no amulet)
HPRegen  0.13/turn              (no ring)
MPRegen  0.17/turn              (no ring)

@: very quick
A: very small, unfitting armour, see invisible, herbivore, speed 3, slow
metabolism 2
a: Draw Escape, Draw Destruction, Draw Summoning, Renounce Religion


You were on level 9 of the Dungeon.
You worshipped Nemelex Xobeh.
Nemelex Xobeh was pleased with you.
You were not hungry.

You visited 2 branches of the dungeon, and saw 9 of its levels.

You collected 297 gold pieces.

Inventory:

Hand Weapons
 a - a +1 dagger (weapon)
 v - a +0 dagger
Missiles
 w - 7 stones
 y - 2 datura-tipped darts (quivered)
Armour
 b - a +0 robe (worn)
Jewellery
 A - a +3 amulet of reflection {unknown}
Wands
 x - a wand of clouds (5)
 z - a wand of iceblast (11)
Scrolls
 c - a scroll of enchant armour {unknown}
 e - 2 scrolls of remove curse
 g - 3 scrolls of magic mapping
 i - a scroll of enchant weapon {unknown}
 j - a scroll of blinking {unknown}
 m - a scroll of noise {unknown}
 n - a scroll of amnesia {unknown}
 p - a scroll of teleportation
 q - 4 scrolls of identify
 u - a scroll of immolation {unknown}
Potions
 f - 3 potions of brilliance
 h - 2 potions of ambrosia
 k - 3 potions of berserk rage {unknown}
 l - a potion of heal wounds {unknown}
 o - 2 potions of curing {unknown}
 r - 2 potions of haste
 s - 2 potions of lignification {unknown}
 t - a potion of resistance {unknown}
Comestibles
 d - 5 rations


   Skills:
 + Level 1.5 Fighting
 + Level 5.3 Short Blades
 + Level 6.2 Dodging
 + Level 9.8 Stealth
 + Level 7.4 Spellcasting
 + Level 7.3 Hexes
 + Level 2.1 Ice Magic
 * Level 4.5 Invocations


You had 7 spell levels left.
You knew the following spells:

 Your Spells              Type           Power        Failure   Level  Hunger
a - Corona                Hex            ####...      1%          1    None
b - Ensorcelled Hibernat  Hex/Ice        ###...       2%          2    None
c - Confuse               Hex            ####....     1%          3    #......
d - Tukima's Dance        Hex            ####....     1%          3    #......
e - Blink                 Tloc           N/A          16%         2    None
f - Petrify               Tmut/Erth      #.......     71%         4    ###....

Your spell library contained the following spells:

 Spells                   Type           Power        Failure   Level  Hunger
 Slow                     Hex            ####....     1%          2    None
 Dazzling Spray           Conj/Hex       ###...       7%          3    #......
 Magic Dart               Conj           #...         11%         1    None
 Sandblast                Erth           #.....       11%         1    None
 Call Imp                 Summ           #.......     16%         2    None
 Passwall                 Tmut/Erth      #.......     16%         2    None
 Conjure Flame            Conj/Fire      #.......     30%         3    #......
 Mephitic Cloud           Conj/Pois/Air  #.......     30%         3    #......
 Stone Arrow              Conj/Erth      #.....       30%         3    #......
 Lee's Rapid Deconstruct  Erth           #.........   96%         5    #####..


Dungeon Overview and Level Annotations

Branches:
Dungeon (7/15)             Temple (1/1) D:5            Lair (0/6) D:9

Altars:
Ashenzari
Cheibriados
Dithmenos
Elyvilon
Fedhas
Gozag
Kikubaaqudgha
Makhleb
Nemelex Xobeh
Okawaru
Qazlal
Ru
Sif Muna
Trog
Uskayaw
Vehumet
Wu Jian
Xom
Yredelemnul
Zin
The Shining One


Innate Abilities, Weirdness & Mutations

You are very small and have problems with some larger weapons.
You are too small for most types of armour.
You have supernaturally acute eyesight. (SInv)
You are a herbivore.
You cover ground extremely quickly.
You need to consume almost no food.


Message History

The two-headed ogre resists with some effort.
The two-headed ogre hits you!
The two-headed ogre completely misses you.
Casting: Confuse (safe; 1% risk of failure)
Confirm with . or Enter, or press ? or * to list all spells.
Aiming: Ensorcelled Hibernation (safe; 2% risk of failure)
Press: ? - help, Shift-Dir - straight line, f/p - two-headed ogre
Aim: a two-headed ogre (chance to defeat MR: 35%)
The two-headed ogre easily resists.
The two-headed ogre hits you. The two-headed ogre closely misses you.
Casting: Ensorcelled Hibernation (safe; 2% risk of failure)
Confirm with . or Enter, or press ? or * to list all spells.
Aiming: Ensorcelled Hibernation (safe; 2% risk of failure)
Press: ? - help, Shift-Dir - straight line, f/p - two-headed ogre
Aim: a two-headed ogre (chance to defeat MR: 35%)
The two-headed ogre easily resists.
The two-headed ogre hits you!
* * * LOW HITPOINT WARNING * * *
The two-headed ogre hits you!
You die...
Your body glows slightly and disappears.

........ ..##.#
.....###.##.#
......#.##.#
#..#.#.##.####.#.
#..#.#.##........
#..............## #
##.#.#.#########
....####.#.#........
...(.(O@.#.#########
##########.# ..# ###


You could see a two-headed ogre and 2 friendly dancing weapons.

Vanquished Creatures
  A troll (D:9)
  Sigmund (D:2)
  2 yaks (D:9)
  2 humans (D:9)
  An orc warrior (D:9)
  A black bear (D:5)
  2 sky beasts
  2 ice beasts
  A centaur (D:4)
  An ogre (D:6)
  A big kobold (D:6)
  4 bullfrogs
  3 scorpions
  2 howler monkeys
  An orc priest (D:3)
  A hound (D:4)
  A bullfrog skeleton (D:5)
  An iguana (D:9)
  Natasha (thrice) (D:2)
  2 worker ants (D:4)
  A hound skeleton (D:4)
  7 adders
  3 shadow imps (D:5)
  3 oozes
  2 adder skeletons (D:5)
  3 worms (D:2)
  A dart slug (D:2)
  6 leopard geckos
  12 orcs
  2 giant cockroaches
  6 goblins
  3 hobgoblins
  3 jackals (D:6)
  12 kobolds
  3 quokkas
  2 ball pythons
  5 bats
  6 frilled lizards
  2 leopard gecko skeletons
  5 rats
120 creatures vanquished.

Vanquished Creatures (collateral kills)
  A human (D:9)
  An ogre (D:6)
2 creatures vanquished.

Vanquished Creatures (others)
  A dancing weapon (D:6)
  2 plants (D:9)
3 creatures vanquished.

Grand Total: 125 creatures vanquished

Notes
Turn   | Place    | Note
-------+----------+-------------------------------------------
     0 | D:1      | Doot the Spriggan Enchanter began the quest for the Orb.
     0 | D:1      | Reached XP level 1. HP: 9/9 MP: 5/5
   328 | D:1      | Reached XP level 2. HP: 1/13 MP: 3/6
  1167 | D:1      | Learned a level 2 spell: Ensorcelled Hibernation
  1531 | D:2      | Noticed Sigmund
  1703 | D:2      | Found a hide-covered altar of Uskayaw.
  1703 | D:2      | Noticed Natasha
  1705 | D:2      | Noticed a +0 dagger
  1705 | D:2      | Noticed a +0 dagger
  1713 | D:2      | Killed Natasha
  1713 | D:2      | Reached skill level 5 in Stealth
  1713 | D:2      | Reached XP level 3. HP: 16/16 MP: 6/8
  1760 | D:2      | Noticed Natasha
  1763 | D:2      | Killed Natasha
  1763 | D:2      | Reached XP level 4. HP: 6/21 MP: 6/9
  2079 | D:2      | Killed Sigmund
  2079 | D:2      | Reached skill level 6 in Stealth
  2079 | D:2      | Reached XP level 5. HP: 25/25 MP: 5/11
  2293 | D:2      | Noticed Natasha
  2297 | D:2      | Killed Natasha
  2297 | D:2      | Reached skill level 5 in Hexes
  2297 | D:2      | Reached XP level 6. HP: 23/29 MP: 7/13
  2825 | D:5      | Entered Level 5 of the Dungeon
  2882 | D:5      | Learned a level 3 spell: Confuse
  2886 | D:5      | Learned a level 3 spell: Tukima's Dance
  2911 | D:5      | Found a staircase to the Ecumenical Temple.
  2956 | Temple   | Entered the Ecumenical Temple
  3131 | Temple   | Became a worshipper of Nemelex Xobeh the Trickster
  3725 | D:2      | Reached skill level 5 in Dodging
  3725 | D:2      | Reached skill level 7 in Stealth
  3898 | D:2      | Received a gift from Nemelex Xobeh
  3927 | D:2      | Reached skill level 1 in Fighting
  4349 | D:3      | Reached XP level 7. HP: 33/33 MP: 15/15
  4806 | D:3      | Learned a level 2 spell: Blink
  4939 | D:3      | Reached * piety under Nemelex Xobeh
  5645 | D:4      | Reached skill level 1 in Invocations
  5803 | D:4      | Reached skill level 5 in Spellcasting
  6026 | D:4      | Found a glowing silver altar of Zin.
  6026 | D:4      | Noticed an angel
  7036 | D:6      | Received a gift from Nemelex Xobeh
  7177 | D:6      | Reached ** piety under Nemelex Xobeh
  7242 | D:6      | Reached XP level 8. HP: 24/37 MP: 15/17
  7491 | D:5      | Reached skill level 1 in Ice Magic
  8267 | D:6      | Reached skill level 8 in Stealth
  8290 | D:6      | Reached skill level 5 in Short Blades
  8545 | D:6      | Learned a level 4 spell: Petrify
  8548 | D:7      | You fall into a shaft and drop 2 floors!
  8548 | D:9      | Found a staircase to the Lair.
  8549 | D:9      | Noticed a komodo dragon
  8549 | D:9      | Noticed a troll
  8555 | D:9      | Killed a troll
  8575 | D:9      | Found an iron altar of Okawaru.
  8586 | D:9      | Reached XP level 9. HP: 41/41 MP: 12/20
  8735 | D:9      | Reached skill level 9 in Stealth
  9125 | D:9      | Noticed a two-headed ogre
  9133 | D:9      | Slain by a two-headed ogre

Levels and vault maps discovered:
D:1:      nicolae_arrival_washed_ashore, layout_basic
D:2:      layout_loops_ring, dancing_weapons_uskayaw,
          kennysheep_generic_room_15, uniq_natasha, uniq_sigmund
D:3:      layout_loops_ring
D:4:      layout_loops_ring, zin_angel, kennysheep_generic_room_3
D:5:      layout_basic, temple_doors_e, first_ration
D:6:      layout_rooms
D:7:      layout_loops_ring, serial_shops, shop, lemuel_blue_sif_altar,
          uniq_menkaure
D:9:      layout_basic, okawaru_humans, david_lair_shrubbed, grunt_pizzeria,
          kennysheep_small_circle
Temple:   regret_index_temple_mists

Skill      XL: |  1  2  3  4  5  6  7  8  9 |
---------------+----------------------------+-----
Hexes          | 4 5 6 7 |  7.3
Stealth        | 5 6 7 8 9 |  9.8
Spellcasting   | 3 4 5 6 7 |  7.4
Dodging        | 4 5 6 |  6.2
Short Blades   | 2 3 5 |  5.3
Fighting       | 1 |  1.5
Invocations    | 2 3 4 |  4.5
Ice Magic      | 1 2 |  2.1

Action                   |  1- 3 |  4- 6 |  7- 9 || total
-------------------------+-------+-------+-------++-------
Melee: Dagger            |    98 |   141 |   420 ||   659
 Cast: Corona            |    22 |    17 |    44 ||    83
       Ensorcelled Hiber |     2 |    18 |    34 ||    54
       Confuse           |       |       |    10 ||    10
       Tukima's Dance    |       |       |     8 ||     8
  Use: Scroll            |       |     4 |     1 ||     5
 Stab: Sleeping          |     6 |    21 |    28 ||    55
       Distracted        |       |     1 |       ||     1
       Confused          |       |       |     5 ||     5
  Eat: Ration            |       |       |     4 ||     4
Armor: Robe              |     4 |     8 |    14 ||    26
Dodge: Dodged            |    84 |   111 |   332 ||   527
